 Dungeon Crawl Stone Soup version 0.31-a0-145-g046c7d2549 (webtiles) character file.

Game seed: 8840993296355260076

1261 tilp the Sneak (level 8, -8/60 HPs)
             Began as a Vampire Enchanter on June 4, 2023.
             Splashed by a jelly's acid (12 damage)
             ... on level 6 of the Dungeon.
             The game lasted 00:08:08 (5558 turns).

tilp the Sneak (Vampire Enchanter)                  Turns: 5558, Time: 00:08:09

Health: -8/60      AC: -3    Str:  7    XL:     8   Next: 27%
Magic:  1/15       EV: 12    Int: 19    God:
Gold:   345        SH:  0    Dex: 15    Spells: 5/16 levels left

rFire   + . .        b - +2 dagger (flame)
rCold   . . .        (no shield)
rNeg    . . .        u - +3 leather armour of the True Pharaoh {rF+}
rPois   +            (no helmet)
rElec   .            (no cloak)
rCorr   .            q - +2 pair of gloves
SInv    +            (no boots)
Will    .....        (no amulet)
Stlth   +++          h - +4 ring of protection
HPRegen 0.50/turn    d - ring of poison resistance
MPRegen 0.14/turn

%: no passive effects
@: corroded, healing quickly, invisible
A: alive, fangs 3, see invisible, vampiric 2
a: Exsanguinate


You were on level 6 of the Dungeon.
You visited 1 branch of the dungeon, and saw 6 of its levels.

You collected 345 gold pieces.

Inventory:

Hand Weapons
 a - a +1 dagger of freezing
 b - a +2 dagger of flaming (weapon)
Missiles
 e - 67 stones
 f - 6 boomerangs of dispersal
 n - 2 boomerangs (quivered)
 o - a throwing net
 w - 5 atropa-tipped darts
Armour
 q - a +2 pair of gloves (worn)
 r - a +1 robe
 u - the +3 leather armour of the True Pharaoh (worn) {rF+}
   (You found it on level 4 of the Dungeon)

   rF:        It protects you from fire.
Jewellery
 d - a ring of poison resistance (right hand)
 h - a +4 ring of protection (left hand)
 y - a ring of wizardry
Scrolls
 j - a scroll of brand weapon
 p - a scroll of blinking
 t - a scroll of immolation
 v - a scroll of fog
 z - a scroll of teleportation
 A - 2 scrolls of silence
Potions
 g - a potion of cancellation {unknown}
 i - a potion of resistance
 k - a potion of might {unknown}
 l - a potion of mutation {unknown}
 m - 3 potions of brilliance {unknown}
 s - a potion of enlightenment {unknown}
 x - 2 potions of curing {unknown}


   Skills:
 * Level 4.0 Fighting
 * Level 5.2 Short Blades
 - Level 4.0 Dodging
 + Level 6.7 Stealth
 * Level 4.7 Spellcasting
 + Level 6.4 Hexes


You had 5 spell levels left.
You knew the following spells:

 Your Spells              Type           Power      Damage    Failure   Level
a - Ensorcelled Hibernat  Hex/Ice        32%        N/A       8%          2
b - Confusing Touch       Hex            29%        N/A       4%          3
c - Tukima's Dance        Hex            29%        N/A       4%          3
d - Dazzling Flash        Conj/Hex       32%        N/A       16%         3

Your spell library contained the following spells:

 Spells                   Type           Power      Damage    Failure   Level


Dungeon Overview and Level Annotations

Branches:
Dungeon (6/15)
 Temple: D:4-7

Altars:
Nemelex Xobeh


Innate Abilities, Weirdness & Mutations

Your natural rate of healing is accelerated.
You have razor-sharp teeth.
You have supernaturally acute eyesight. (SInv)
You are afflicted with vampirism and can become a bat while bloodless.


Message History

The orc hits you with a +0 short sword. The jelly hits you but does no damage.
You completely miss the jelly.
The jelly is lightly wounded.
The orc hits you but does no damage. The jelly barely misses you.
You hit the jelly. You burn the jelly. The acid corrodes you!
Your hands burn!
The jelly is moderately wounded.
You hit the jelly but do no damage.
Your hands burn!
You bite the jelly, but do no damage.
The jelly is moderately wounded.
The orc closely misses you. The jelly misses you.
You hit the jelly but do no damage.
Your hands burn!
The jelly is moderately wounded.
The orc barely misses you. The jelly barely misses you.
You hit the jelly but do no damage.
Your hands burn!
The jelly is moderately wounded.
The orc misses you. The jelly hits you but does no damage.
You hit the jelly but do no damage. The acid corrodes you!
Your hands burn!
The jelly is moderately wounded.
The orc closely misses you. The jelly misses you.
You completely miss the jelly.
The jelly is moderately wounded.
You hit the jelly but do no damage.
Your hands burn!
You bite the jelly.
The jelly is heavily wounded.
The orc hits you with a +0 short sword. The jelly hits you.
You are splashed with acid!
* * * LOW HITPOINT WARNING * * *
You completely miss the jelly.
The jelly is heavily wounded.
The orc barely misses you. The jelly hits you.
* * * LOW HITPOINT WARNING * * *
The acid corrodes you!
You are splashed with acid!
* * * LOW HITPOINT WARNING * * *
Unknown command.
The orc attacks as you move away! The orc closely misses you.
Unknown command.
You fade into invisibility!
The orc completely misses you. The jelly hits you.
* * * LOW HITPOINT WARNING * * *
You are splashed with acid!
You die...

#......#+### #......#
#......# #......#####
+......)...# #..........#
.# #######....#
.#########....#.oJ.#
.........#....'.@..#
.##......#....#....+
.##.....#######....#
.##.....##..#......#
..........<.#......#
............'......+
.##.....###'#......#
.##.....##..####..........
.##.....##.....#..........


You could see a jelly and an orc (unable to see you).

Vanquished Creatures
  Sigmund (D:5)
  A water moccasin (D:6)
  A black bear (D:5)
  3 ogres
  A centaur (D:5)
  3 killer bees (D:5)
  2 hounds
  An orc priest (D:5)
  A sleepcap (D:4)
  3 iguanas
  2 orc wizards
  8 adders
  A shadow imp (D:4)
  A white imp (D:5)
  An ufetubus (D:5)
  4 dart slugs (D:3)
  10 orcs
  6 bats
  12 endoplasms
  2 giant cockroaches (D:3)
  6 goblins
  9 hobgoblins
  3 jackals (D:2)
  4 quokkas
  9 ball pythons
  2 frilled lizards
  4 kobolds
  A rat (D:3)
102 creatures vanquished.

Notes
Turn   | Place    | Note
-------+----------+-------------------------------------------
     0 | D:1      | tilp the Vampire Enchanter began the quest for the Orb.
     0 | D:1      | Reached XP level 1. HP: 13/13 MP: 3/3
   253 | D:1      | Reached XP level 2. HP: 11/20 MP: 5/5
   256 | D:1      | Learned a level 2 spell: Ensorcelled Hibernation
  1178 | D:2      | Reached skill level 1 in Fighting
  1178 | D:2      | Gained mutation: You are afflicted with vampirism and can
                  | become a bat while bloodless. [Vampire growth]
  1178 | D:2      | Reached XP level 3. HP: 26/26 MP: 3/6
  1182 | D:2      | Learned a level 3 spell: Confusing Touch
  2219 | D:3      | Reached XP level 4. HP: 32/32 MP: 4/7
  2225 | D:3      | Learned a level 3 spell: Tukima's Dance
  3050 | D:3      | Reached skill level 5 in Stealth
  3234 | D:4      | Reached XP level 5. HP: 38/38 MP: 9/9
  3289 | D:4      | Reached skill level 5 in Hexes
  3663 | D:4      | Noticed an ogre
  3676 | D:4      | Killed an ogre
  3677 | D:4      | Reached XP level 6. HP: 23/44 MP: 0/11
  3931 | D:4      | Identified the +3 leather armour of the True Pharaoh {rF+}
  4292 | D:5      | Entered Level 5 of the Dungeon
  4448 | D:5      | Reached XP level 7. HP: 43/51 MP: 5/12
  4683 | D:5      | Noticed Sigmund
  4708 | D:5      | Killed Sigmund
  4821 | D:5      | Learned a level 3 spell: Dazzling Flash
  5132 | D:5      | Reached XP level 8. HP: 60/60 MP: 11/14
  5210 | D:5      | Found a sparkling altar of Nemelex Xobeh.
  5217 | D:5      | Reached skill level 5 in Short Blades
  5558 | D:6      | Splashed by a jelly's acid

Illustrated notes

Levels and vault maps discovered:
D:1:      evilmike_arrival_crescent, layout_basic, amethyst_killhole,
          minmay_misc_feat_iff
D:2:      layout_basic, minmay_pentomino_u2
D:3:      layout_basic, minmay_shallow_snake_nest
D:4:      wander_river, layout_rooms
D:5:      layout_loops_cross, nemelex_dance_club_becter, uniq_sigmund
D:6:      layout_gridville, minmay_temple_entry_large_hall,
          kennysheep_generic_room_12

Skill      XL: |  1  2  3  4  5  6  7  8 |
---------------+-------------------------+-----
Fighting       | 1 2 3 4 |  4.0
Short Blades   | 2 3 4 5 |  5.2
Stealth        | 5 6 |  6.7
Spellcasting   | 3 4 |  4.7
Hexes          | 5 6 |  6.4
Dodging        | 3 4 |  4.0

Action                     |  1- 3 |  4- 6 |  7- 9 || total
---------------------------+-------+-------+-------++-------
  Melee: Dagger            |    91 |   108 |    52 ||   251
         Bite              |     7 |     7 |     6 ||    20
         Punch             |       |       |     2 ||     2
   Cast: Ensorcelled Hiber |    25 |    32 |    30 ||    87
         Confusing Touch   |       |     2 |     1 ||     3
    Use: Scroll            |     7 |     6 |       ||    13
         Potion            |       |     1 |     1 ||     2
   Stab: Sleeping          |    22 |    30 |    16 ||    68
         Distracted        |     1 |       |       ||     1
         Confused          |       |     1 |     1 ||     2
         Invisible         |       |     1 |       ||     1
 Armour: Robe              |    22 |    31 |       ||    53
         Leather armour    |       |     5 |    38 ||    43
  Dodge: Dodged            |    68 |    73 |    43 ||   184

Table legend: (Time is in decaauts)
 A = Elapsed time spent in this place.
 B = Non-inter-level travel time spent in this place.
 C = Inter-level travel time spent in this place.
 D = Time resting spent in this place.
 E = Time spent auto-exploring this place.
 F = Levels seen in this place.
 G = Mean time per level.
                   A        B        C        D        E       F      G
               +--------+--------+--------+--------+--------+-----+--------+
         Total |   5542 |   5368 |    174 |    308 |   4129 |   6 |  923.7 |
       Dungeon |   5542 |   5368 |    174 |    308 |   4129 |   6 |  923.7 |
               +--------+--------+--------+--------+--------+-----+--------+

Top non-repeatable levels by time:
     D:3: 1417 daAuts
     D:2: 1050 daAuts
     D:5: 1005 daAuts
     D:4: 928 daAuts
     D:1: 895 daAuts
     D:6: 244 daAuts
